 Dungeon Crawl Stone Soup version 0.22-a0-782-g038298e (webtiles) character file.

450 Ijustatesigmund the Chopper (level 7, -4/49 HPs)
             Began as an Octopode Fighter on July 19, 2018.
             Slain by a two-headed ogre
             ... wielding a +0 giant spiked club
              (29 damage)
             ... on level 5 of the Dungeon.
             The game lasted 00:08:19 (3646 turns).

Ijustatesigmund the Chopper (Octopode Fighter)      Turns: 3646, Time: 00:08:19

Health: -4/49      AC:  4    Str: 15    XL:     7   Next: 4%
Magic:  7/7        EV: 12    Int: 11    God:
Gold:   68         SH: 10    Dex: 13    Spells: 6/6 levels left

rFire    . . .     SeeInvis .   n - +2 hand axe (chop)
rCold    . . .     Gourm    .   b - +1 shield
rNeg     . . .     Faith    .   (helmet restricted)
rPois    .         Spirit   .   (no amulet)
rElec    .         Reflect  .   h - ring of flight
rCorr    .         Harm     .   e - +3 ring of protection
MR       .....                  (no ring)
Stlth    ++........             (no ring)
HPRegen  0.16/turn              (no ring)
MPRegen  0.10/turn              (no ring)
                                (no ring)
                                (no ring)

@: no status effects
A: almost no armour, stealthy swim, amphibious, 8 rings, constrict 8, camouflage
1, gelatinous body 1
a: Evoke Flight


You were on level 5 of the Dungeon.
You were not hungry.

You visited 1 branch of the dungeon, and saw 5 of its levels.

You collected 120 gold pieces.
You spent 52 gold pieces at shops.

Inventory:

Hand Weapons
 a - a +0 war axe
 i - a +0 flail of crushing
 n - a +2 hand axe of chopping (weapon)
Armour
 b - a +1 shield (worn)
Jewellery
 e - a +3 ring of protection (right tentacle)
 h - a ring of flight (left tentacle)
Scrolls
 c - 3 scrolls of identify
 l - a scroll of remove curse
Potions
 f - 6 potions of curing
 g - 3 potions of lignification
 j - 3 potions of heal wounds
 k - a potion of brilliance
Comestibles
 d - 8 rations


   Skills:
 + Level 4.7 Fighting
 * Level 5.5 Axes
 + Level 3.6 Dodging
 + Level 3.6 Shields


You had 6 spell levels left.
You didn't know any spells.
Your spell library was empty.

Dungeon Overview and Level Annotations

Branches:
Dungeon (5/15)
 Temple: D:4-7

Altars:
Ashenzari
Gozag
Qazlal
Wu Jian

Shops:
D:4 *


Innate Abilities, Weirdness & Mutations

You cannot wear most types of armour.
You are very stealthy in the water. (Stealth+)
You are amphibious.
You can wear up to eight rings at the same time.
You can use your tentacles to constrict eight enemies at once.
Your skin changes colour to match your surroundings (Stealth+).
Your rubbery body absorbs attacks. (AC +1, EV +1)


Message History

Where to? (Enter - D:3, ? - help)
There is a stone staircase leading down here.
You climb downwards.
There is a stone staircase leading up here.
You eat one of the 9 rations.
That ration really hit the spot!
(D) Dungeon
Where to? (Enter - D:4, ? - help)
There is an open door here.
There is an open door here.
There is a stone staircase leading down here.
You climb downwards.
The two-headed ogre is too close now for your liking.
There is a stone staircase leading up here.
You block the two-headed ogre's attack. x2
You hit the two-headed ogre.
The two-headed ogre is lightly wounded.
The two-headed ogre hits you with a giant spiked club!!
The two-headed ogre hits you with a giant club!!
Ouch! That really hurt!
You die...

###
########<###.#
......O@.....#
##.#####..##.#
....# ##.## ..
.#. .... # ##


You could see a two-headed ogre.

Vanquished Creatures
  An ogre (D:3)
  A scorpion (D:4)
  2 orc wizards (D:3)
  A hound (D:4)
  4 gnolls
  8 adders
  3 worms (D:3)
  4 leopard geckos
  17 orcs
  5 bats
  6 giant cockroaches
  7 goblins
  14 hobgoblins
  2 jackals (D:3)
  11 kobolds
  6 frilled lizards
  8 rats
100 creatures vanquished.

Notes
Turn   | Place    | Note
-------+----------+-------------------------------------------
     0 | D:1      | Ijustatesigmund the Octopode Fighter began the quest for the Orb.
     0 | D:1      | Reached XP level 1. HP: 16/16 MP: 1/1
   179 | D:1      | Reached XP level 2. HP: 19/21 MP: 2/2
   347 | D:1      | Reached skill level 3 in Axes
   366 | D:1      | Reached XP level 3. HP: 20/26 MP: 3/3
   517 | D:1      | Found a shattered altar of Ashenzari.
   968 | D:2      | Reached XP level 4. HP: 33/33 MP: 4/4
  1100 | D:2      | Found an ornate altar of the Wu Jian Council.
  1458 | D:3      | Reached skill level 4 in Axes
  1458 | D:3      | Reached XP level 5. HP: 35/37 MP: 5/5
  2395 | D:3      | Noticed an ogre
  2427 | D:4      | Reached XP level 6. HP: 42/43 MP: 6/6
  2448 | D:4      | Reached skill level 5 in Axes
  2599 | D:4      | Found Ucviesm's General Store.
  2608 | D:4      | Bought 2 scrolls of identify for 52 gold pieces
  2892 | D:4      | Found a stormy altar of Qazlal.
  2978 | D:4      | Found an opulent altar of Gozag.
  3286 | D:5      | Entered Level 5 of the Dungeon
  3286 | D:5      | Noticed a two-headed ogre
  3323 | D:3      | Reached XP level 7. HP: 29/49 MP: 7/7
  3646 | D:5      | Slain by a two-headed ogre

Vault maps used:
D:1:      minmay_arrival_split_and_join, evilmike_ruin_ashenzari
D:2:      overflow_temple_1_default, hangedman_abyss_or_decor_lesser_grid
D:3:      first_ration
D:4:      kennysheep_mini_moat, serial_shops, shop_statue,
          minmay_misc_feat_tower, nicolae_gozag_cash_rules_everything_around_me
D:5:      elyvilon_altar_4, overflow_temple_1_default, marbit_many_paths,
          overflow_temple_1_default, uniq_duvessa, uniq_blork_the_orc

Skill      XL: |  1  2  3  4  5  6 |
---------------+-------------------+-----
Axes           | 3 4 5 |  5.5
Fighting       | 4 |  4.7
Dodging        | |  3.6
Shields        | |  3.6

Action                   |  1- 3 |  4- 6 |  7- 9 || total
-------------------------+-------+-------+-------++-------
Melee: War axe           |    50 |   111 |     8 ||   169
       Constrict         |    17 |    33 |     3 ||    53
       Tentacles         |     8 |    21 |     2 ||    31
       Hand axe          |       |       |     2 ||     2
  Use: Scroll            |       |     7 |       ||     7
       Potion            |       |     1 |       ||     1
 Stab: Sleeping          |     6 |    11 |       ||    17
       Distracted        |       |       |     1 ||     1
  Eat: Chunk             |       |     7 |     1 ||     8
       Ration            |       |       |     1 ||     1
Armor: Skin              |     3 |    13 |     3 ||    19
Dodge: Dodged            |     8 |    35 |     2 ||    45
Block: Shield            |    18 |    45 |     5 ||    68

Table legend:
 A = Spawn XP
 B = Non-spawn XP
 C = Spawn XP percentage of total XP
 D = Spawn monster count
 E = Non-spawn monster count
 F = Spawn count percentage of total count
 G = Total turns spent on level
                    A         B        C        D         E        F      G
               +---------+---------+-------+---------+---------+-------+---------
         Total |       0 |     644 |   0.0 |       0 |     100 |   0.0 |  3646
               +---------+---------+-------+---------+---------+-------+---------
           D:1 |       0 |      42 |   0.0 |       0 |      17 |   0.0 |   703
           D:2 |       0 |      78 |   0.0 |       0 |      26 |   0.0 |  1009
           D:3 |       0 |     311 |   0.0 |       0 |      40 |   0.0 |   989
           D:4 |       0 |     213 |   0.0 |       0 |      17 |   0.0 |   941
               +---------+---------+-------+---------+---------+-------+---------
